 Dungeon Crawl Stone Soup version 0.29.1-13-g9f3cf754e1 (webtiles) character file.

Game seed: 11077100891904255856

14 Exodus22XD the Covered (level 2, 27/27 HPs)
             Began as a Minotaur Fighter on Feb 3, 2023.
             Was a Follower of Cheibriados.
             Quit the game on level 1 of the Dungeon.
             The game lasted 00:00:23 (432 turns).

Exodus22XD the Covered (Minotaur Fighter)            Turns: 432, Time: 00:00:24

Health: 27/27      AC:  7    Str: 22    XL:     2   Next: 27%
Magic:  1/1        EV:  9    Int:  7    God:    Cheibriados [*.....]
Gold:   26         SH:  4    Dex: 11    Spells: 1/1 levels left

rFire   . . .      SeeInvis .   a - +0 war axe
rCold   . . .      Faith    .   c - +0 buckler
rNeg    . . .      Spirit   .   b - +0 scale mail
rPois   .          Reflect  .   (helmet restricted)
rElec   .          Harm     .   (no cloak)
rCorr   .          Rampage  .   (no gloves)
Will    .....                   (no boots)
Stlth   ..........              (no amulet)
HPRegen 0.09/turn               (no ring)
MPRegen 0.07/turn               (no ring)

@: very slow
A: horns 2, retaliatory headbutt
a: Renounce Religion, Bend Time


You were on level 1 of the Dungeon.
You worshipped Cheibriados.
Cheibriados was aware of your devotion.
You visited 1 branch of the dungeon, and saw 1 of its levels.

You collected 26 gold pieces.

Inventory:

Hand Weapons
 a - a +0 war axe (weapon)
Armour
 b - a +0 scale mail (worn)
 c - a +0 buckler (worn)
Jewellery
 h - an amulet of magic regeneration
Scrolls
 e - a scroll of vulnerability {unknown}
Potions
 d - a potion of might
 f - 2 potions of attraction {unknown}
 g - a potion of heal wounds {unknown}


   Skills:
 + Level 3.9 Fighting
 + Level 2.6 Axes
 + Level 3.9 Armour
 + Level 3.9 Shields


You had one spell level left.
You didn't know any spells.
Your spell library was empty.

Dungeon Overview and Level Annotations

Branches:
Dungeon (1/15)

Altars:
Cheibriados


Innate Abilities, Weirdness & Mutations

You have a pair of horns on your head.
You reflexively headbutt those who attack you in melee.


Message History

Key pressed, stopping explore.
No target in view!
No target in view!
h - an amulet of magic regeneration No target in view!
You now have 26 gold pieces (gained 10).
You open the door.
There is an open door here.
You enter the shallow water.
Moving in this stuff is going to be slow.
Key pressed, stopping explore.
No target in view!
No target in view!
No target in view!
You open the door.
There is an open door here.
A rat comes into view.
Found a faded altar of an unknown god.
A rat is nearby!
Found a leather armour.
Found a stone staircase leading down.
A rat is nearby!
The rat closely misses you.
You slash the rat!
You kill the rat!
You hit the fungus.
The fungus begins to die.
No target in view!
You hit the fungus but do no damage.
The fungus is lightly damaged.
A nearby fungus withers and dies.
There is a faded altar of an unknown god here.
You cannot tell which god this altar belongs to.
Convert to them anyway?
Cheibriados accepts your prayer! Cheibriados welcomes you!
Cheibriados begins to support your attributes as your movement slows.
Cheibriados is now slowing the effects of poison on you.
You can now bend time to slow others.
Cheibriados raises the support of your attributes as your movement slows.
Unknown command.
Press < or > to pray at altars.
Are you sure you want to abandon this character and quit the game? (Confirm with "yes".)

#......>. .....
#.......###...
#.......#... ######
#.......#.##########.....
#..................'.....
#....P...P....######.....
#.....P.P♣....# #.....
#.....♣P.♣♣P..# ##.....
###+...♣@.....# #....##
.....♣♣♣PP...#####....#
###.P ♣..♣............#
.........P...........#
#.##.......######.....#
#. ..## #.#+### ..#
#.#...## ..# #...#...
#...+.##


There were no monsters in sight!

Vanquished Creatures
  A dart slug (D:1)
  2 ball pythons (D:1)
  A goblin (D:1)
  2 hobgoblins (D:1)
  A frilled lizard (D:1)
  3 kobolds (D:1)
  A rat (D:1)
11 creatures vanquished.

Vanquished Creatures (others)
  A fungus (D:1)
1 creature vanquished.

Grand Total: 12 creatures vanquished

Notes
Turn   | Place    | Note
-------+----------+-------------------------------------------
     0 | D:1      | Exodus22XD the Minotaur Fighter began the quest for the
                  | Orb.
     0 | D:1      | Reached XP level 1. HP: 19/19 MP: 0/0
   125 | D:1      | Reached XP level 2. HP: 23/27 MP: 1/1
   422 | D:1      | Found a faded altar of an unknown god.
   431 | D:1      | Prayed at the altar of an unknown god.
   431 | D:1      | Became a worshipper of Cheibriados the Contemplative
   431 | D:1      | Reached * piety under Cheibriados
   432 | D:1      | Quit the game

Illustrated notes

Levels and vault maps discovered:
D:1:      dpeg_arrival_boxes_within_box, layout_basic,
          dreamdust_ecumenical_altar_grove, minmay_crystal_room,
          hangedman_decor_push, chequers_serial_rivers_small_a,
          minmay_tromino_mix6

Action                   || total
-------------------------++-------
Melee: War axe           ||    18
       Headbutt          ||     1
Armor: Scale mail        ||     9
Dodge: Dodged            ||    14
Block: Buckler           ||     3
